 Dungeon Crawl Stone Soup version 0.18.1-6-gd335043 (webtiles) character file.

32 pipel the Chiller (level 3, 0/24 HPs)
             Began as a Demonspawn Ice Elementalist on May 18, 2016.
             Slain by a hobgoblin
             ... wielding a +0 club
              (7 damage)
             ... on level 1 of the Dungeon.
             The game lasted 00:05:09 (1002 turns).

pipel the Chiller (Demonspawn Ice Elementalist)     Turns: 1002, Time: 00:05:10

Health: 0/24       AC:  3    Str:  8    XL:     3   Next: 8%
Magic:  6/6        EV: 12    Int: 19    God:
Gold:   57         SH:  0    Dex: 13    Spells: 1 memorised, 5 levels left

rFire  + . .     SeeInvis .     a - +2 dagger (venom)
rCold  + . .     Gourm    .     h - +1 robe
rNeg   . . .     Faith    .     (no shield)
rPois  +         Spirit   .     (no helmet)
rElec  +         Dismiss  .     (no cloak)
rCorr  +         Reflect  .     (no gloves)
SustAt .         Harm     .     (no boots)
MR     .....                    (no amulet)
Stlth  ++........               (no ring)
                                (no ring)

@: resistant, flying, not resistant to hostile enchantments, unstealthy
A: clever 1, demonic guardian 1
a: no special abilities


You were on level 1 of the Dungeon.
You were not hungry.

You visited 1 branch of the dungeon, and saw 2 of its levels.

You collected 57 gold pieces.

Inventory:

Hand Weapons
 a - a +2 dagger of venom (weapon)
 b - a +0 spear
 m - a +0 halberd
Missiles
 k - 31 stones (quivered)
 p - 18 bolts
Armour
 h - a +1 robe (worn)
Scrolls
 e - a scroll of enchant armour
Potions
 n - a potion of flight
Books
 f - a book of Frost

   Spells                             Type                      Level
   a - Freeze                         Ice                          1
   b - Throw Frost                    Conjuration/Ice              2
   c - Ozocubu's Armour               Charms/Ice                   3
   d - Throw Icicle                   Conjuration/Ice              4
   e - Summon Ice Beast               Ice/Summoning                4
Comestibles
 c - a bread ration
 g - 2 meat rations
 l - 2 chunks of flesh


   Skills:
 + Level 0.2 Fighting
 + Level 1.9 Dodging
 + Level 2.0 Stealth
 + Level 2.3 Spellcasting
   Level 1.0 Conjurations
 + Level 3.3 Ice Magic


You had 5 spell levels left.
You knew the following spells:

 Your Spells              Type           Power        Failure   Level  Hunger
a - Freeze                Ice            ###.         6%          1    #......


Dungeon Overview and Level Annotations

Branches:
Dungeon (2/15)

Altars:
Trog
Xom

Annotations:
D:2 Terence


Innate Abilities, Weirdness & Mutations

A weak demonic guardian rushes to your aid.
Your mind is acute. (Int +2)


Message History

You take 4 damage, and have 9/24 hp.
The bat closely misses you. The bat hits you but does no damage.
The bat hits you.
You take 1 damage, and have 8/24 hp.
The bat hits you but does no damage. The bat barely misses you.
The bat misses you. The bat misses you. The bat misses you.
Drink which item? (? for menu, Esc to quit)
It was a potion of flight.
You feel very buoyant.
You fly up into the air.
The bat hits you but does no damage. x2
The hobgoblin closely misses you. The bat barely misses you.
You closely miss the bat. The bat misses you.
The bat hits you but does no damage. The hobgoblin hits you with a club.
* * * LOW HITPOINT WARNING * * *
The hobgoblin hits you with a club!
You die...

##........$.. #...........#
#....=.......
##..###########...........#
.........##...g............
#####.##........................
#.....#.$.........K.....#.###...
....##........bgr.....##.###..#
#...#........@g......#........
##...#...............†#....g.g.
##..#...[..>...).......##..(....
#..##.)................##.(.....
#.#####................##.......
#.# ##......#.................
#.# ##..####..##++##....$....
#.# #..# ...## ##........ ##.#
##.#..### ###...[?.


You could see 2 hobgoblins, a goblin (inner flame), a bat (inner flame), a
kobold (inner flame) and a rat (inner flame).

Vanquished Creatures
  A gnoll (D:1)
  A dart slug (D:1)
  A giant gecko (D:2)
  3 bats
  2 goblins (D:2)
  4 hobgoblins
  A quokka (D:2)
  A giant newt (D:1)
  3 kobolds
  3 rats (D:1)
20 creatures vanquished.

Notes
Turn   | Place    | Note
--------------------------------------------------------------
     0 | D:1      | pipel the Demonspawn Ice Elementalist began the quest for the Orb.
     0 | D:1      | Reached XP level 1. HP: 13/13 MP: 3/3
    84 | D:2      | Found a bloodstained altar of Trog.
    85 | D:2      | Found a shimmering altar of Xom.
   154 | D:2      | Reached skill level 3 in Ice Magic
   161 | D:2      | Gained mutation: A weak demonic guardian rushes to your aid. [demonic ancestry]
   161 | D:2      | Reached XP level 2. HP: 19/19 MP: 5/5
   497 | D:2      | Noticed Terence
   904 | D:1      | Reached XP level 3. HP: 24/24 MP: 4/6
   991 | D:1      | Gained mutation: Your mind is acute. (Int +2) [potion of beneficial mutation]
  1002 | D:1      | Slain by a hobgoblin

Skill      XL: |  1  2 |
---------------+-------+-----
Ice Magic      | 3 |  3.3
Stealth        | 2 |  2.0
Fighting       | |  0.2
Dodging        | |  1.9
Spellcasting   | |  2.3
Conjurations   | |  1.0

Action                   || total
-------------------------++-------
Melee: Spear             ||     7
       Dagger            ||    17
Throw: Stone             ||     2
 Cast: Freeze            ||    16
  Use: Scroll            ||     5
       Potion            ||     3
 Stab: Sleeping          ||     3
Armor: Robe              ||    24
Dodge: Dodged            ||    50
